AoeStats
← numba one

Arabia

508049133Analyzed
3v3 RM · 12d ago on Sep 20, 2026· 56m 20s· 6 players
Game mode
Random Map
Map size
Normal (6 player)
Population
200
Speed
Normal
Resources
Standard
Victory
Conquest
Starting age
Dark Age
Ending age
Imperial Age
RankedLock teamsTeams togetherTeam positionsShared explorationLock speedFull tech treeHidden civsTurbo modeCheats
Victory
Defeat
🇦🇹 Lithuanians · Austria
1099
+12
🇩🇪 Huns · Germany
1044
+14
🇩🇪 Mongols · Germany
964
+16
🇨🇳 Malians · China
1001
-14
🇷🇴 Spanish · Romania
1000
-14
🇷🇴 Britons · Romania
993
-14
Legend Killer
5:27 Loom
10:58 Feudal Age
23:35 Castle Age
22:12 Padded Archer Armor
22:16 Scale Mail Armor
24:46 Fletching
25:07 Forging
25:13 Crossbowman
32:27 Elite Skirmisher
34:43 Wheelbarrow
33:49 Pikeman
34:50 Leather Archer Armor
34:50 Chain Mail Armor
43:14 Imperial Age
41:23 Double-Bit Axe
41:21 Horse Collar
43:24 Bodkin Arrow
44:04 Iron Casting
yulonglaile
0:37 Loom
11:23 Feudal Age
11:59 Double-Bit Axe
11:55 Horse Collar
20:11 Forging
20:02 Gold Mining
21:16 Bloodlines
26:01 Castle Age
23:55 Stone Mining
25:19 Wheelbarrow
25:09 Scale Mail Armor
25:16 Scale Barding Armor
27:52 Husbandry
28:56 Bow Saw
28:47 Heavy Plow
30:34 Iron Casting
30:38 Wheelbarrow
31:23 Chain Barding Armor
33:03 Elite Skirmisher
36:28 Imperial Age
35:33 Tigui
35:54 Chain Mail Armor
37:15 Farimba
37:11 Light Cavalry
37:16 Heavy Camel Rider
39:38 Hand Cart
41:03 Fletching
41:47 Conscription
42:32 Plate Barding Armor
43:12 Fletching
43:16 Town Watch
44:06 Crop Rotation
44:15 Gold Shaft Mining
50:20 Town Patrol
55:16 Plate Mail Armor
55:08 Treadmill Crane
numba one
7:45 Loom
9:36 Feudal Age
9:17 Loom
14:28 Forging
15:54 Horse Collar
19:36 Scale Barding Armor
23:56 Castle Age
24:52 Bloodlines
25:07 Chain Barding Armor
26:57 Double-Bit Axe
29:52 Squires
37:48 Husbandry
42:06 Wheelbarrow
41:52 Scale Mail Armor
41:50 Pikeman
42:47 Fletching
43:28 Chain Mail Armor
43:25 Gambesons
48:03 Imperial Age
46:10 Padded Archer Armor
#Patte
3:44 Loom
9:57 Feudal Age
10:46 Double-Bit Axe
17:49 Wheelbarrow
17:38 Horse Collar
20:25 Castle Age
18:50 Fletching
19:01 Padded Archer Armor
19:47 Bloodlines
20:31 Gold Mining
21:56 Bow Saw
22:15 Bodkin Arrow
25:47 Leather Archer Armor
28:40 Stone Mining
29:33 Scale Barding Armor
31:40 Chain Barding Armor
31:27 Town Watch
32:35 Thumb Ring
33:48 Ballistics
38:43 Imperial Age
36:39 Husbandry
38:01 Hand Cart
39:30 Heavy Plow
40:33 Two-Man Saw
40:08 Parthian Tactics
40:21 Conscription
41:00 Capped Ram
42:49 Cavalier
43:31 Bracer
46:12 Chemistry
47:27 Heavy Cavalry Archer
47:37 Elite Tarkan
49:49 Forging
51:20 Plate Barding Armor
51:21 Iron Casting
53:23 Marauders
CeBe
11:04 Feudal Age
13:40 Loom
16:20 Castle Age
16:05 Bloodlines
27:06 Double-Bit Axe
27:35 Forging
29:21 Horse Collar
32:25 Bow Saw
32:10 Gold Mining
35:37 Iron Casting
36:40 Wheelbarrow
36:57 Scale Barding Armor
38:18 Hand Cart
45:14 Imperial Age
43:22 Chain Barding Armor
42:53 Fletching
43:03 Padded Archer Armor
44:03 Gold Shaft Mining
45:30 Bodkin Arrow
45:35 Padded Archer Armor
46:13 Bracer
47:14 Blast Furnace
46:49 Elite Mangudai
49:39 Leather Archer Armor
50:31 Chemistry
49:36 Town Watch
52:41 Siege Engineers
53:45 Conscription
Manu
6:42 Loom
8:58 Feudal Age
9:48 Double-Bit Axe
18:00 Forging
19:19 Scale Barding Armor
22:48 Castle Age
22:43 Bloodlines
23:48 Scale Barding Armor
24:30 Bow Saw
26:16 Husbandry
27:17 Iron Casting
27:49 Horse Collar
30:51 Chain Barding Armor
31:22 Scale Mail Armor
32:54 Wheelbarrow
31:51 Pikeman
33:11 Squires
36:56 Chain Mail Armor
36:50 Gold Mining
37:01 Heavy Plow
40:50 Imperial Age
40:19 Hand Cart
41:15 Halberdier
42:33 Plate Barding Armor
43:51 Fletching
45:07 Chemistry
44:00 Town Watch
43:43 Cavalier
45:27 Paladin
46:37 Bodkin Arrow
51:27 Two-Man Saw
50:59 Crop Rotation
54:42 Conscription
56:10 Tower Shields
56:19 Bracer
56:43 Ballistics
56:19 Murder Holes
Connection lost

Rejoining the realm…

Still unreachable

The connection could not be restored.

Session expired

The server has moved on; the page needs a fresh start.